 Dungeon Crawl Stone Soup version 0.17-a0-913-g36eb389 (webtiles) character file.

2 drasked the Chiller (level 1, -3/10 HPs)
             Began as a Deep Elf Ice Elementalist on May 3, 2015.
             Slain by a hobgoblin
             ... wielding a +0 club
              (5 damage)
             ... on level 1 of the Dungeon.
             The game lasted 00:00:31 (170 turns).

drasked the Chiller (Deep Elf Ice Elementalist)      Turns: 170, Time: 00:00:31

Health: -3/10      AC:  2    Str:  5    XL:     1   Next: 33%
Magic:  0/6        EV: 13    Int: 19    God:
Gold:   28         SH:  0    Dex: 15    Spells: 1 memorised, 5 levels left

rFire  . . .     SeeInvis .     d - +0 club
rCold  . . .     Clarity  .     a - +0 robe
rNeg   . . .     SustAb   .     (no shield)
rPois  .         Gourm    .     (no helmet)
rElec  .         Spirit   .     (no cloak)
rCorr  .         Warding  .     (no gloves)
rMut   .         Stasis   .     (no boots)
MR     .....                    (no amulet)
Stlth  ++........               (no ring)
                                (no ring)

@: very slightly contaminated, not resistant to hostile enchantments, unstealthy
A: no striking features
a: no special abilities


You were on level 1 of the Dungeon.
You were not hungry.

You visited 1 branch of the dungeon, and saw 1 of its levels.

You collected 28 gold pieces.

Inventory:

Hand weapons
 d - a +0 club (weapon)
   (You took it off a goblin on level 1 of the Dungeon)
Armour
 a - a +0 robe (worn)
Scrolls
 e - a scroll of blinking {unknown}
Books
 b - a book of Frost
Comestibles
 c - a bread ration {@e1}


   Skills:
 - Level 2.4 Dodging
 - Level 2.4 Stealth
 + Level 3.1 Spellcasting
   Level 1.1 Conjurations
 + Level 3.4 Ice Magic


You had 5 spell levels left.
You knew the following spells:

 Your Spells              Type           Power        Failure   Level  Hunger
a - Freeze                Ice            ###.         4%          1    None


Dungeon Overview and Level Annotations

Branches:
Dungeon (1/15)

Altars:


Message History

Welcome, drasked the Deep Elf Ice Elementalist.
It is said that the Orb of Zot exists deep within this dungeon, but nobody has ever found it.
Found 21 arrows and 19 stones.
Found two stairs.
A goblin comes into view. It is wielding a club.
A goblin is nearby!
The goblin shouts!
Found a stone staircase leading down.
You closely miss the goblin. The goblin hits you with a club.
You take 2 damage, and have 8/10 hp.
You hit the goblin. The goblin barely misses you.
You miss the goblin. You closely miss the goblin. The goblin barely misses you.
Aim: a goblin, wielding a club (lightly wounded)
You freeze the goblin. The goblin hits you with a club.
You take 1 damage, and have 7/10 hp.
You now have 5/6 mp.
Aim: a goblin, wielding a club (heavily wounded)
You freeze the goblin.
You kill the goblin!
You now have 4/6 mp.
You start resting.
d - a club You see here a goblin corpse.
Health restored: 10; MP restored: 6 You now have 12 gold pieces.
You see here a goblin corpse.
e - a scroll labeled CAINKAPUGA Wield which item (- for none, * to show all)? (? for menu, Esc to quit)
d - a +0 club (weapon)
You now have 28 gold pieces (gained 16).
A hobgoblin comes into view. It is wielding a club.
A hobgoblin is nearby!
A hobgoblin comes into view. It is wielding a club.
The hobgoblin shouts! x2
A hobgoblin comes into view.
A giant cockroach comes into view.
Aim: a hobgoblin, wielding a club You freeze the hobgoblin.
The hobgoblin hits you with a club.
You take 2 damage, and have 8/10 hp.
You now have 5/6 mp.
Aim: a hobgoblin, wielding a club (heavily wounded)
You miscast Freeze.
You are very lightly contaminated with residual magic.
Wisps of condensation drift from your hands.
The hobgoblin misses you.
You now have 4/6 mp.
Aim: a hobgoblin, wielding a club (heavily wounded)
You freeze the hobgoblin.
You kill the hobgoblin!
You now have 3/6 mp.
Aim: a hobgoblin, wielding a club You freeze the hobgoblin.
The hobgoblin hits you with a club.
You take 2 damage, and have 6/10 hp.
You now have 2/6 mp.
Aim: a hobgoblin, wielding a club (lightly wounded)
You miscast Freeze.
Nothing appears to happen.
The hobgoblin hits you. The hobgoblin hits you with a club.
* * * LOW HITPOINT WARNING * * *
You take 4 damage, and have 2/10 hp.
MASSIVE DAMAGE!!
You now have 1/6 mp.
Aim: a hobgoblin, wielding a club (lightly wounded)
You freeze the hobgoblin. The hobgoblin misses you.
The hobgoblin hits you with a club.
Ouch! That really hurt!
You die...

...............
#...#.......#
#...........#
#...........#
#.#.........#
#.........# #
##........# .
#g#.######..
#.#@#.......#
#.#.g######.#
#....######.
.#......##....# .
..#.......#.#..# ...
..#.......#.#..# #...
..#.......#.#..#
#...##.........#.#..#
#....##........#....#


You could see 2 hobgoblins.

Vanquished Creatures
  A goblin (D:1)
  A hobgoblin (D:1)
2 creatures vanquished.

Notes
Turn   | Place    | Note
--------------------------------------------------------------
     0 | D:1      | drasked, the Deep Elf Ice Elementalist, began the quest for the Orb.
     0 | D:1      | Reached XP level 1. HP: 10/10 MP: 6/6
   169 | D:1      | HP: 2/10 [hobgoblin/club (3)]
   170 | D:1      | Slain by a hobgoblin

Action                   || total
-------------------------++-------
Melee: Unarmed           ||     4
 Cast: Freeze            ||     6

Vault maps used:
D:1:      dpeg_arrival_stonehenge_8_columns

Table legend:
 A = Turns spent in this place as a percentage of turns spent in the entire game.
 B = Non-inter-level travel turns spent in this place as a percentage of non-inter-level travel turns spent in the entire game.
 C = Inter-level travel turns spent in this place as a percentage of turns spent in this place.
 D = Turns resting spent in this place as a percentage of non-inter-level travel turns spent in this place.
 E = Turns spent auto-exploring this place as a percentage of non-inter-level travel turns spent in this place.
 F = Non-inter-level travel turns spent in this place divided by the number of levels of this place that you've seen.
                   A       B       C       D       E      F
               +-------+-------+-------+-------+-------+----------------------
         Total | 100.0 | 100.0 |   0.0 |   5.1 |  10.3 |  39.0
       Dungeon | 100.0 | 100.0 |   0.0 |   5.1 |  10.3 |  39.0
               +-------+-------+-------+-------+-------+----------------------

Table legend:
 A = Kills in this place as a percentage of kills in entire the game.
 B = Kills by you in this place as a percentage of kills by you in the entire game.
 C = Kills by friends in this place as a percentage of kills by friends in the entire game.
 D = Other kills in this place as a percentage of other kills in the entire game.
 E = Experience gained in this place as a percentage of experience gained in the entire game.
 F = Experience gained in this place divided by the number of levels of this place that you have seen.
                   A       B       C       D       E      F
               +-------+-------+-------+-------+-------+----------------------
         Total | 100.0 | 100.0 |  -nan |  -nan | 100.0 |   4.0
       Dungeon | 100.0 | 100.0 |  -nan |  -nan | 100.0 |   4.0
               +-------+-------+-------+-------+-------+----------------------
